Comets vs Admirals

Created - May 13, 2022 at 20:42

Goals
1 2 3 OT1 T
Comets 1 3 0 1 5
Admirals 0 3 1 0 4
Shots
1 2 3 OT1 T
Comets 13 17 6 1 37
Admirals 8 19 4 0 31

1st period

1. Comets , Andrej Nestrasil 24 (Patrick Wey 7) at 0:33

Penalties :
Juuso Riikola (Uti) for Tripping (Minor) at 3:33, Nicolas Kerdiles (Mil) for Holding (Minor) at 8:35, Phil Di Giuseppe (Uti) for Holding (Minor) at 11:31

2nd period

2. Admirals , Blake Geoffrion 28 (Chris Lawrence 3, Lucas Wallmark 17) at 12:04
3. Admirals , Blake Geoffrion 29 (Lucas Wallmark 18, Travis Dermott 26) at 12:51
4. Comets , Andrej Nestrasil 25 (Joshua Leivo 28, Juuso Riikola 15) at 14:28
5. Admirals , Mattias Backman 3 (Lucas Wallmark 19, Chris Lawrence 4) at 15:28
6. Comets , Andrej Nestrasil 26 (Juuso Riikola 16) at 18:44
7. Comets , Juho Lammikko 12 (Nicolas Petan 17, Phil Di Giuseppe 13) at 19:39

Penalties :
Nathan Gerbe (Uti) for Holding (Minor) at 8:24

3rd period

8. Admirals , Blake Geoffrion 30 (Mattias Backman 25, Lucas Wallmark 20) at 6:41

Penalties :
Joel Armia (Mil) for Hooking (Minor) at 0:13, Sami Niku (Uti) for Holding (Minor) at 9:19, Nicolas Kerdiles (Mil) for Interference (Minor) at 16:52

Overtime #1

9. Comets , Oliver Kylington 2 (Sami Niku 8, Kurtis Macdermid 4) at 1:21

Penalties :
No Penalty

Goalie Stats

Alexandar Georgiev (Uti), 27 saves from 31 shots - (0.871), W, 24-12-7, 61:21 minutes
Tristan Jarry (Mil), 32 saves from 37 shots - (0.865), OTL, 17-18-5, 61:21 minutes

Players Stats for Comets

Player Name              G  A  P  +/- PIM S  H  SB GA TA FO     MP     PP MP  PK MP  
------------------------------------------------------------------------------------
Andrej Nestrasil         3  0  3   2  0   4  0  0  0  0  10/13  14:34   2:54   0:01 
Anton Karlsson           0  0  0   0  0   0  0  0  0  0  0/0     2:50   0:00   1:28 
Anton Zlobin             0  0  0  -2  0   1  0  0  0  0  1/1     5:51   0:00   0:00 
Axel Holmstrom           0  0  0  -2  0   0  0  1  0  0  1/3     5:37   0:00   0:00 
Dennis Everberg          0  0  0  -1  0   3  2  0  1  1  6/12   24:16   2:50   4:30 
Jordan Gross             0  0  0  -2  0   0  1  0  0  0  0/0    13:34   0:00   1:15 
Joshua Leivo             0  1  1   2  0   3  1  0  0  0  0/0    14:23   2:54   0:00 
Juho Lammikko            1  0  1   1  0   4  2  1  0  1  0/0    10:48   0:00   0:00 
Juuso Riikola            0  2  2   2  2   2  2  0  0  0  0/0    28:17   2:56   3:17 
Kurtis Macdermid         0  1  1   1  0   0  0  0  0  1  0/0     4:45   0:13   0:47 
Mackenzie MacEachern     0  0  0  -4  0   0  1  2  0  0  0/0    15:35   0:00   0:00 
Nathan Gerbe             0  0  0  -1  2   4  3  0  3  0  15/32  22:07   3:03   1:58 
Nicolas Petan            0  1  1   1  0   0  0  0  0  1  5/10   10:48   0:00   0:00 
Oliver Kylington         1  0  1   1  0   2  1  1  0  4  0/0    20:36   3:01   3:52 
Oskar Steen              0  0  0   0  0   0  0  0  0  0  0/0     0:00   0:00   0:00 
Patrick Wey              0  1  1   2  0   2  1  0  1  2  0/0    29:13   2:56   4:41 
Phil Di Giuseppe         0  1  1   1  2   5  1  0  0  1  0/0    11:45   0:00   0:00 
Rasmus Asplund           0  0  0   0  0   0  0  0  0  0  0/0     0:00   0:00   0:00 
Sami Niku                0  1  1   1  2   2  1  0  1  0  0/0    19:25   3:01   2:47 
Taylor Beck              0  0  0  -1  0   4  4  1  0  0  0/3    24:17   2:50   4:31 
Taylor Leier             0  0  0   0  0   0  0  0  0  0  0/0     0:00   0:00   0:00 
Teemu Pulkkinen          0  0  0   2  0   1  1  0  1  0  1/1    17:53   2:54   2:37 
Thomas DiPauli           0  0  0   0  0   0  0  0  0  0  0/0     0:00   0:00   0:00 
Tyler Graovac            0  0  0   1  0   0  0  0  0  0  0/0     0:50   0:13   0:00 
William Lockwood         0  0  0   0  0   0  0  0  0  0  0/0     0:00   0:00   0:00 

Players Stats for Admirals

Player Name              G  A  P  +/- PIM S  H  SB GA TA FO     MP     PP MP  PK MP  
------------------------------------------------------------------------------------
Adam Almquist            0  0  0   1  0   0  0  0  0  0  0/0     4:29   0:00   0:00 
Alexandre Mallet         0  0  0   0  0   0  0  0  0  0  1/2     2:47   0:00   2:40 
Andreas Englund          0  0  0  -1  0   1  0  0  0  0  0/0     9:03   0:00   0:00 
Blake Geoffrion          3  0  3   1  0   6  3  0  0  1  0/0    18:30   3:35   1:53 
Brett Connolly           0  0  0   0  0   1  0  0  1  0  0/0    10:29   0:05   0:00 
Carl Dahlstrom           0  0  0   1  0   0  0  0  0  0  0/0     4:29   0:00   0:00 
Chris Lawrence           0  2  2   1  0   2  1  0  1  0  1/3    15:43   3:35   0:00 
Christian Djoos          0  0  0  -1  0   0  0  0  0  0  0/0     9:03   0:00   0:00 
Freddie Hamilton         0  0  0   0  0   0  1  0  0  0  5/9    11:32   0:00   2:06 
Hunter Shinkaruk         0  0  0  -1  0   1  0  0  1  0  1/2     6:30   0:00   0:00 
Joel Armia               0  0  0   0  2   1  1  1  1  1  0/0    21:49   4:16   0:17 
Josh Morrissey           0  0  0  -2  0   4  0  1  1  0  0/0    27:12   4:49   3:19 
Josh Wesley              0  0  0   0  0   0  0  0  0  0  0/0     0:00   0:00   0:00 
Kasper Bjorkqvist        0  0  0  -1  0   0  1  0  0  0  0/0     6:30   0:00   0:00 
Lucas Wallmark           0  4  4   1  0   3  1  1  0  2  7/11   16:50   3:35   1:00 
Mark MacMillan           0  0  0  -1  0   0  0  0  0  0  0/0     1:16   0:05   0:00 
Markus Granlund          0  0  0   0  0   4  2  0  1  0  19/41  24:11   4:16   2:57 
Mattias Backman          1  1  2   1  0   2  0  2  1  1  0/0    20:37   3:07   2:38 
Nicolas Deslauriers      0  0  0   0  0   1  0  0  0  1  0/0     9:26   0:00   0:00 
Nicolas Kerdiles         0  0  0   0  4   4  3  2  2  0  1/3    23:09   4:16   1:01 
Olli Juolevi             0  0  0   0  0   0  0  0  0  0  0/0     0:00   0:00   0:00 
Riley Barber             0  0  0  -1  0   0  1  0  0  0  0/1     1:30   0:05   0:00 
Ryan Olsen               0  0  0  -1  0   0  0  0  0  0  1/3     6:30   0:00   0:00 
T.J Brodie               0  0  0  -2  0   0  4  2  2  0  0/0    27:12   4:49   3:19 
Travis Dermott           0  1  1   1  0   1  0  1  0  1  0/0    20:37   3:07   2:38 

3 Stars

1 - Andrej Nestrasil (Uti)
2 - Blake Geoffrion (Mil)
3 - Lucas Wallmark (Mil)

Power Play

Comets - 0 on 3 Attempt(s) - 0.00%
Admirals - 0 on 4 Attempt(s) - 0.00%

Penalty Kill

Comets - 4 on 4 Attempt(s) - 100.00% - Score 0 goal in Penalty Kill
Admirals - 3 on 3 Attempt(s) - 100.00% - Score 0 goal in Penalty Kill

Team Stat

Comets - Hits : 21 - Faceoff Wins : 39 - Blocked Shots : 6 - Penalty Minutes : 8
Admirals - Hits : 18 - Faceoff Wins : 36 - Blocked Shots : 10 - Penalty Minutes : 6

Official

Referees : Conor O'Donnell and Ian Walsh
Linesman : Derek Nansen and Travis Gawryletz

Game Notes

Andrej Nestrasil has scored a Hat Trick!
Blake Geoffrion has scored a Hat Trick!

Finance

Level 1 -- Attendance: 1863 (93.15%) -- Ticket Income $65,205
Level 2 -- Attendance: 944 (94.40%) -- Ticket Income $14,160
Total Attendance: 2807 (93.57%)
Total Ticket Income: $79,365
Other Income: $3,968
Total Income: $83,333

Comets

5 vs 5 Forward 
   Center                   Left Wing                Right Wing               Time % Phy DF OF 
 1 Nathan Gerbe             Taylor Beck              Dennis Everberg          40     1   2  2  
 2 Andrej Nestrasil         Teemu Pulkkinen          Joshua Leivo             30     1   2  2  
 3 Nicolas Petan            Phil Di Giuseppe         Juho Lammikko            20     1   2  2  
 4 Axel Holmstrom           Mackenzie MacEachern     Anton Zlobin             10     1   2  2  

5 vs 5 Defense 
   Defense                  Defense                                           Time % Phy DF OF 
 1 Patrick Wey              Juuso Riikola                                     40     1   2  2  
 2 Oliver Kylington         Sami Niku                                         30     1   2  2  
 3 Jordan Gross             Mackenzie MacEachern                              20     1   2  2  
 4 Patrick Wey              Juuso Riikola                                     10     1   2  2  

PowerPlay Forward 
   Center                   Left Wing                Right Wing               Time % Phy DF OF 
 1 Nathan Gerbe             Taylor Beck              Dennis Everberg          60     1   2  2  
 2 Andrej Nestrasil         Teemu Pulkkinen          Joshua Leivo             40     1   2  2  

PowerPlay Defense
   Defense                  Defense                                           Time % Phy DF OF 
 1 Patrick Wey              Juuso Riikola                                     60     1   2  2  
 2 Oliver Kylington         Sami Niku                                         40     1   2  2  

Penalty Kill 4 Players Forward 
   Center                   Wing                     Time % Phy DF OF 
 1 Dennis Everberg          Taylor Beck              60     1   2  2  
 2 Nathan Gerbe             Teemu Pulkkinen          40     1   2  2  

Penalty Kill 4 Players Defense
   Defense                  Defense                  Time % Phy DF OF 
 1 Patrick Wey              Juuso Riikola            60     1   2  2  
 2 Oliver Kylington         Sami Niku                40     1   2  2  

Penalty Kill - 3 Players Forward 
   Forward                                           Time % Phy DF OF 
 1 Dennis Everberg                                   60     1   2  2  
 2 Taylor Beck                                       40     1   2  2  

Penalty Kill - 3 Players Defense
   Defense                  Defense                  Time % Phy DF OF 
 1 Patrick Wey              Juuso Riikola            60     1   2  2  
 2 Oliver Kylington         Sami Niku                40     1   2  2  

4 vs 4 Forward 
   Center                   Wing                     Time % Phy DF OF 
 1 Dennis Everberg          Taylor Beck              60     1   2  2  
 2 Nathan Gerbe             Teemu Pulkkinen          40     1   2  2  

4 vs 4 Defense
   Defense                  Defense                  Time % Phy DF OF 
 1 Patrick Wey              Juuso Riikola            60     1   2  2  
 2 Oliver Kylington         Sami Niku                40     1   2  2  

Last Minutes Offensive
   Center                   Left Wing                Right Wing               Defense                  Defense                  
   Nathan Gerbe             Taylor Beck              Dennis Everberg          Patrick Wey              Juuso Riikola            

Last Minutes Defensive
   Center                   Left Wing                Right Wing               Defense                  Defense                  
   Nathan Gerbe             Taylor Beck              Dennis Everberg          Patrick Wey              Juuso Riikola            

Goaltenders
Starting : Alexandar Georgiev       
Backup : Thatcher Demko           

Extra Forwards
Normal : Kurtis Macdermid, Tyler Graovac, Anton Karlsson - PP : Kurtis Macdermid, Tyler Graovac - PK : Anton Karlsson
Extra Defensemen
Normal : Jordan Gross, Oliver Kylington, Sami Niku - PP : Jordan Gross - PK : Oliver Kylington, Sami Niku
Penalty Shots
Dennis Everberg, Taylor Beck, Nathan Gerbe, Teemu Pulkkinen, Andrej Nestrasil

Scratches
Jeremy Roy (Healthy), William Lagesson (Sprained Right Finger Injury), Dan Renouf (Broken Bone (Right Arm) Injury), Dmitry Sokolov (Healthy), Marek Langhamer (Healthy)

Admirals

5 vs 5 Forward 
   Center                   Left Wing                Right Wing               Time % Phy DF OF 
 1 Markus Granlund          Nicolas Kerdiles         Joel Armia               40     1   2  2  
 2 Lucas Wallmark           Blake Geoffrion          Chris Lawrence           30     1   2  2  
 3 Freddie Hamilton         Nicolas Deslauriers      Brett Connolly           20     1   2  2  
 4 Ryan Olsen               Hunter Shinkaruk         Kasper Bjorkqvist        10     1   2  2  

5 vs 5 Defense 
   Defense                  Defense                                           Time % Phy DF OF 
 1 Josh Morrissey           T.J Brodie                                        40     1   2  2  
 2 Mattias Backman          Travis Dermott                                    30     1   2  2  
 3 Andreas Englund          Christian Djoos                                   20     1   2  2  
 4 Adam Almquist            Carl Dahlstrom                                    10     1   2  2  

PowerPlay Forward 
   Center                   Left Wing                Right Wing               Time % Phy DF OF 
 1 Markus Granlund          Nicolas Kerdiles         Joel Armia               60     1   2  2  
 2 Lucas Wallmark           Blake Geoffrion          Chris Lawrence           40     1   2  2  

PowerPlay Defense
   Defense                  Defense                                           Time % Phy DF OF 
 1 Josh Morrissey           T.J Brodie                                        60     1   2  2  
 2 Mattias Backman          Travis Dermott                                    40     1   2  2  

Penalty Kill 4 Players Forward 
   Center                   Wing                     Time % Phy DF OF 
 1 Nicolas Kerdiles         Markus Granlund          60     1   2  2  
 2 Blake Geoffrion          Joel Armia               40     1   2  2  

Penalty Kill 4 Players Defense
   Defense                  Defense                  Time % Phy DF OF 
 1 Josh Morrissey           T.J Brodie               60     1   2  2  
 2 Mattias Backman          Travis Dermott           40     1   2  2  

Penalty Kill - 3 Players Forward 
   Forward                                           Time % Phy DF OF 
 1 Nicolas Kerdiles                                  60     1   2  2  
 2 Markus Granlund                                   40     1   2  2  

Penalty Kill - 3 Players Defense
   Defense                  Defense                  Time % Phy DF OF 
 1 Josh Morrissey           T.J Brodie               60     1   2  2  
 2 Mattias Backman          Travis Dermott           40     1   2  2  

4 vs 4 Forward 
   Center                   Wing                     Time % Phy DF OF 
 1 Nicolas Kerdiles         Markus Granlund          60     1   2  2  
 2 Blake Geoffrion          Joel Armia               40     1   2  2  

4 vs 4 Defense
   Defense                  Defense                  Time % Phy DF OF 
 1 Josh Morrissey           T.J Brodie               60     1   2  2  
 2 Mattias Backman          Travis Dermott           40     1   2  2  

Last Minutes Offensive
   Center                   Left Wing                Right Wing               Defense                  Defense                  
   Markus Granlund          Nicolas Kerdiles         Joel Armia               Josh Morrissey           T.J Brodie               

Last Minutes Defensive
   Center                   Left Wing                Right Wing               Defense                  Defense                  
   Markus Granlund          Nicolas Kerdiles         Joel Armia               Josh Morrissey           T.J Brodie               

Goaltenders
Starting : Tristan Jarry            
Backup : Linus Ullmark            

Extra Forwards
Normal : Riley Barber, Mark MacMillan, Alexandre Mallet - PP : Riley Barber, Mark MacMillan - PK : Alexandre Mallet
Extra Defensemen
Normal : Olli Juolevi, Josh Wesley, Andreas Englund - PP : Olli Juolevi - PK : Josh Wesley, Andreas Englund
Penalty Shots
Nicolas Kerdiles, Markus Granlund, Blake Geoffrion, Joel Armia, Chris Lawrence

Scratches
Anton Gustafsson (Broken Left Index Finger Injury), Filip Chlapik (Healthy), Mark McNeill (Healthy), Sergei Zborovskiy (Healthy), Stanislav Galiev (Healthy)
Trevor Van Riemsdyk (Strained Right Knee Injury), Troy Bourke (Healthy), Carsen Twarynski (Healthy), Libor Hajek (Healthy), Felix Sanstrom (Healthy)

% Time on Ice - Comets

Lines # - Real PCT - Wanted PCT - Time Play
Normal Forward
1 - 38% - 40% - 17:39
2 - 26% - 30% - 12:03
3 - 23% - 20% - 10:48
4 - 12% - 10% - 5:37
Normal Defense
1 - 41% - 40% - 18:41
2 - 29% - 30% - 13:27
3 - 26% - 20% - 12:09
4 - 4% - 10% - 1:50
PP Forward
1 - 51% - 60% - 3:03
2 - 49% - 40% - 2:54
PP Defense
1 - 49% - 60% - 2:56
2 - 51% - 40% - 3:01
PK Forward
1 - 67% - 60% - 5:19
2 - 33% - 40% - 2:37
PK Defense
1 - 64% - 60% - 5:03
2 - 36% - 40% - 2:53
PK3 Forward
1 - 0% - 60%
2 - 0% - 40%
PK3 Defense
1 - 0% - 60%
2 - 0% - 40%
44 Forward
1 - 77% - 60% - 1:02
2 - 23% - 40% - 0:19
44 Defense
1 - 80% - 60% - 1:05
2 - 20% - 40% - 0:16
Last Minute Offensive  - 0:00
Last Minute Defensive  - 0:00
Total
Forward - 61:21
Defense - 61:21

% Time on Ice - Admirals

Lines # - Real PCT - Wanted PCT - Time Play
Normal Forward
1 - 38% - 40% - 17:28
2 - 28% - 30% - 12:43
3 - 20% - 20% - 9:26
4 - 14% - 10% - 6:30
Normal Defense
1 - 40% - 40% - 18:26
2 - 31% - 30% - 14:09
3 - 20% - 20% - 9:03
4 - 10% - 10% - 4:29
PP Forward
1 - 55% - 60% - 4:21
2 - 45% - 40% - 3:35
PP Defense
1 - 61% - 60% - 4:49
2 - 39% - 40% - 3:07
PK Forward
1 - 86% - 60% - 5:06
2 - 14% - 40% - 0:51
PK Defense
1 - 56% - 60% - 3:19
2 - 44% - 40% - 2:38
PK3 Forward
1 - 0% - 60%
2 - 0% - 40%
PK3 Defense
1 - 0% - 60%
2 - 0% - 40%
44 Forward
1 - 77% - 60% - 1:02
2 - 23% - 40% - 0:19
44 Defense
1 - 47% - 60% - 0:38
2 - 53% - 40% - 0:43
Last Minute Offensive  - 0:00
Last Minute Defensive  - 0:00
Total
Forward - 61:21
Defense - 61:21

Play-by-Play

1st period


0:01 of 1st period - Markus Granlund wins face-off versus Nathan Gerbe in neutral zone.
0:33 of 1st period - Wrist shot by Andrej Nestrasil.
0:33 of 1st period - Goal by Andrej Nestrasil - Comets : 1 - Admirals : 0.
0:34 of 1st period - Nicolas Petan wins face-off versus Freddie Hamilton in neutral zone.
0:43 of 1st period - Wrist shot by Phil Di Giuseppe.
0:43 of 1st period - Stopped by Tristan Jarry without a rebound.
0:44 of 1st period - Nicolas Petan wins face-off versus Freddie Hamilton in Admirals zone.
0:45 of 1st period - Wrist shot by Juho Lammikko.
0:45 of 1st period - Stopped by Tristan Jarry with a rebound.
0:47 of 1st period - Snap shot by Jordan Gross.
0:47 of 1st period - Shot Hit the Post.
0:49 of 1st period - Slapshot by Juho Lammikko.
0:49 of 1st period - Shot Misses the Net.
0:51 of 1st period - Wrist shot by Jordan Gross.
0:51 of 1st period - Deflect By Nicolas Petan.
0:51 of 1st period - Shot Blocked by Mattias Backman.
0:51 of 1st period - Puck is out of play.
0:52 of 1st period - Axel Holmstrom wins face-off versus Ryan Olsen in Admirals zone.
0:53 of 1st period - Slapshot by Oliver Kylington.
0:53 of 1st period - Stopped by Tristan Jarry with a rebound.
1:05 of 1st period - Snap shot by Hunter Shinkaruk.
1:05 of 1st period - Stopped by Alexandar Georgiev with a rebound.
1:17 of 1st period - Oliver Kylington is hit by Lucas Wallmark and loses puck.
1:53 of 1st period - Wrist shot by Taylor Beck.
1:53 of 1st period - Shot Misses the Net.
2:07 of 1st period - Snap shot by Joshua Leivo.
2:07 of 1st period - Stopped by Tristan Jarry with a rebound.
2:51 of 1st period - Patrick Wey is hit by Blake Geoffrion and loses puck.
3:12 of 1st period - Wrist shot by Markus Granlund.
3:12 of 1st period - Stopped by Alexandar Georgiev without a rebound.
3:13 of 1st period - Nicolas Petan wins face-off versus Markus Granlund in Comets zone.
3:28 of 1st period - Wrist shot by Markus Granlund.
3:28 of 1st period - Shot Misses the Net.
3:30 of 1st period - Slapshot by Mattias Backman.
3:30 of 1st period - Stopped by Alexandar Georgiev without a rebound.
3:31 of 1st period - Nathan Gerbe wins face-off versus Lucas Wallmark in Comets zone.
3:33 of 1st period - Minor Penalty to Juuso Riikola for Tripping.
3:34 of 1st period - Markus Granlund wins face-off versus Dennis Everberg in Comets zone.
3:38 of 1st period - Snap shot by Markus Granlund.
3:38 of 1st period - Stopped by Alexandar Georgiev without a rebound.
3:39 of 1st period - Dennis Everberg wins face-off versus Markus Granlund in Comets zone.
3:39 of 1st period - Dennis Everberg is hit by Markus Granlund.
4:09 of 1st period - Wrist shot by Nathan Gerbe.
4:09 of 1st period - Stopped by Tristan Jarry with a rebound.
4:55 of 1st period - Wrist shot by Taylor Beck.
4:55 of 1st period - Stopped by Tristan Jarry without a rebound.
4:56 of 1st period - Markus Granlund wins face-off versus Nathan Gerbe in Admirals zone.
5:33 of 1st period - Penalty to Juuso Riikola is over, Juuso Riikola is back on ice.
6:06 of 1st period - Off-side.
6:07 of 1st period - Hunter Shinkaruk wins face-off versus Nicolas Petan in neutral zone.
6:31 of 1st period - Hunter Shinkaruk is hit by Dennis Everberg and loses puck.
7:14 of 1st period - Snap shot by Phil Di Giuseppe.
7:14 of 1st period - Shot Blocked by T.J Brodie.
7:20 of 1st period - Snap shot by Phil Di Giuseppe.
7:20 of 1st period - Shot Misses the Net.
7:32 of 1st period - Wrist shot by Nathan Gerbe.
7:32 of 1st period - Shot Misses the Net.
7:34 of 1st period - Wrist shot by Nathan Gerbe.
7:34 of 1st period - Stopped by Tristan Jarry with a rebound.
7:44 of 1st period - Snap shot by Joel Armia.
7:44 of 1st period - Shot Blocked by Oliver Kylington.
7:46 of 1st period - Snap shot by Nicolas Kerdiles.
7:46 of 1st period - Stopped by Alexandar Georgiev without a rebound.
7:47 of 1st period - Andrej Nestrasil wins face-off versus Markus Granlund in Comets zone.
8:09 of 1st period - Icing by Teemu Pulkkinen.
8:10 of 1st period - Andrej Nestrasil wins face-off versus Lucas Wallmark in Comets zone.
8:15 of 1st period - Lucas Wallmark is hit by Taylor Beck and loses puck.
8:24 of 1st period - Snap shot by Nathan Gerbe.
8:24 of 1st period - Shot Misses the Net.
8:26 of 1st period - Snap shot by Dennis Everberg.
8:26 of 1st period - Deflect By Taylor Beck.
8:26 of 1st period - Shot Blocked by Lucas Wallmark.
8:26 of 1st period - Puck is out of play.
8:27 of 1st period - Andrej Nestrasil wins face-off versus Markus Granlund in Admirals zone.
8:35 of 1st period - Minor Penalty to Nicolas Kerdiles for Holding.
8:36 of 1st period - Alexandre Mallet wins face-off versus Nathan Gerbe in Admirals zone.
9:02 of 1st period - Josh Morrissey is hit by Teemu Pulkkinen and loses puck.
10:35 of 1st period - Penalty to Nicolas Kerdiles is over, Nicolas Kerdiles is back on ice.
10:36 of 1st period - Blake Geoffrion is hit by Nathan Gerbe and loses puck.
11:09 of 1st period - Off-side.
11:10 of 1st period - Freddie Hamilton wins face-off versus Nicolas Petan in neutral zone.
11:31 of 1st period - Minor Penalty to Phil Di Giuseppe for Holding.
11:32 of 1st period - Dennis Everberg wins face-off versus Markus Granlund in Comets zone.
11:32 of 1st period - Dennis Everberg is hit by Joel Armia.
12:34 of 1st period - Teemu Pulkkinen is hit by Chris Lawrence and loses puck.
13:31 of 1st period - Penalty to Phil Di Giuseppe is over, Phil Di Giuseppe is back on ice.
13:42 of 1st period - Anton Karlsson is hit by Riley Barber and loses puck.
14:28 of 1st period - Wrist shot by Brett Connolly.
14:28 of 1st period - Stopped by Alexandar Georgiev without a rebound.
14:29 of 1st period - Nathan Gerbe wins face-off versus Markus Granlund in Comets zone.
14:51 of 1st period - Icing by Travis Dermott.
14:52 of 1st period - Andrej Nestrasil wins face-off versus Lucas Wallmark in Admirals zone.
14:55 of 1st period - Wrist shot by Joshua Leivo.
14:55 of 1st period - Stopped by Tristan Jarry with a rebound.
14:57 of 1st period - Slapshot by Sami Niku.
14:57 of 1st period - Deflect By Travis Dermott.
14:57 of 1st period - Stopped by Tristan Jarry with a rebound.
14:59 of 1st period - Slapshot by Sami Niku.
14:59 of 1st period - Shot Misses the Net.
15:01 of 1st period - Slapshot by Sami Niku.
15:01 of 1st period - Stopped by Tristan Jarry without a rebound.
15:02 of 1st period - Dennis Everberg wins face-off versus Markus Granlund in Admirals zone.
15:05 of 1st period - Slapshot by Dennis Everberg.
15:05 of 1st period - Shot Misses the Net.
16:10 of 1st period - Travis Dermott is hit by Juuso Riikola and loses puck.
16:56 of 1st period - Slapshot by Blake Geoffrion.
16:56 of 1st period - Shot Misses the Net.
16:58 of 1st period - Wrist shot by Chris Lawrence.
16:58 of 1st period - Shot Hit the Post.
17:00 of 1st period - Slapshot by Josh Morrissey.
17:00 of 1st period - Deflect By Teemu Pulkkinen.
17:00 of 1st period - Stopped by Alexandar Georgiev without a rebound.
17:01 of 1st period - Lucas Wallmark wins face-off versus Nathan Gerbe in Comets zone.
17:06 of 1st period - Wrist shot by Blake Geoffrion.
17:06 of 1st period - Stopped by Alexandar Georgiev with a rebound.
17:12 of 1st period - Slapshot by Patrick Wey.
17:12 of 1st period - Stopped by Tristan Jarry without a rebound.
17:13 of 1st period - Dennis Everberg wins face-off versus Markus Granlund in Admirals zone.
17:14 of 1st period - Slapshot by Taylor Beck.
17:14 of 1st period - Shot Blocked by Nicolas Kerdiles.
17:24 of 1st period - Snap shot by Nicolas Kerdiles.
17:24 of 1st period - Deflect By Nathan Gerbe.
17:24 of 1st period - Shot Hit the Post.
17:24 of 1st period - Puck is out of play.
17:25 of 1st period - Nathan Gerbe wins face-off versus Markus Granlund in Comets zone.
17:43 of 1st period - Nicolas Kerdiles is hit by Dennis Everberg and loses puck.
19:39 of 1st period - Blake Geoffrion is hit by Jordan Gross.
19:55 of 1st period - Wrist shot by Phil Di Giuseppe.
19:55 of 1st period - Deflect By Juho Lammikko.
19:55 of 1st period - Stopped by Tristan Jarry without a rebound.
19:56 of 1st period - Nathan Gerbe wins face-off versus Markus Granlund in Admirals zone.
Goals for this period are 1 for Comets vs 0 for Admirals.
Shots for this period are 13 for Comets vs 8 for Admirals.

2nd period


0:01 of 2nd period - Nathan Gerbe wins face-off versus Markus Granlund in neutral zone.
0:04 of 2nd period - Wrist shot by Nathan Gerbe.
0:04 of 2nd period - Shot Misses the Net.
0:06 of 2nd period - Wrist shot by Taylor Beck.
0:06 of 2nd period - Stopped by Tristan Jarry without a rebound.
0:07 of 2nd period - Markus Granlund wins face-off versus Taylor Beck in Admirals zone.
0:24 of 2nd period - Nathan Gerbe is hit by T.J Brodie and loses puck.
0:37 of 2nd period - Taylor Beck is hit by T.J Brodie and loses puck.
0:56 of 2nd period - Snap shot by Nathan Gerbe.
0:56 of 2nd period - Stopped by Tristan Jarry without a rebound.
0:57 of 2nd period - Andrej Nestrasil wins face-off versus Lucas Wallmark in Admirals zone.
1:12 of 2nd period - Icing by Teemu Pulkkinen.
1:13 of 2nd period - Andrej Nestrasil wins face-off versus Freddie Hamilton in Comets zone.
1:38 of 2nd period - Slapshot by Phil Di Giuseppe.
1:38 of 2nd period - Shot Misses the Net.
2:02 of 2nd period - Snap shot by Joel Armia.
2:02 of 2nd period - Stopped by Alexandar Georgiev with a rebound.
2:04 of 2nd period - Slapshot by Travis Dermott.
2:04 of 2nd period - Stopped by Alexandar Georgiev without a rebound.
2:05 of 2nd period - Markus Granlund wins face-off versus Dennis Everberg in Comets zone.
2:10 of 2nd period - Slapshot by Nicolas Kerdiles.
2:10 of 2nd period - Shot Misses the Net.
2:30 of 2nd period - Teemu Pulkkinen is hit by Blake Geoffrion and loses puck.
3:14 of 2nd period - Snap shot by T.J Brodie.
3:14 of 2nd period - Shot Blocked by Mackenzie MacEachern.
3:16 of 2nd period - Wrist shot by Hunter Shinkaruk.
3:16 of 2nd period - Shot Blocked by Axel Holmstrom.
3:18 of 2nd period - Slapshot by Carl Dahlstrom.
3:18 of 2nd period - Shot Misses the Net.
3:20 of 2nd period - Slapshot by Carl Dahlstrom.
3:20 of 2nd period - Shot Blocked by Mackenzie MacEachern.
3:37 of 2nd period - Nathan Gerbe is hit by Nicolas Kerdiles and loses puck.
4:02 of 2nd period - Snap shot by Andrej Nestrasil.
4:02 of 2nd period - Deflect By Travis Dermott.
4:02 of 2nd period - Shot Blocked by Mattias Backman.
4:02 of 2nd period - Puck is out of play.
4:03 of 2nd period - Teemu Pulkkinen wins face-off versus Markus Granlund in Admirals zone.
4:14 of 2nd period - Snap shot by Teemu Pulkkinen.
4:14 of 2nd period - Shot Misses the Net.
4:16 of 2nd period - Slapshot by Juuso Riikola.
4:16 of 2nd period - Shot Misses the Net.
4:18 of 2nd period - Slapshot by Teemu Pulkkinen.
4:18 of 2nd period - Shot Blocked by T.J Brodie.
4:52 of 2nd period - Slapshot by Sami Niku.
4:52 of 2nd period - Shot Misses the Net.
4:54 of 2nd period - Snap shot by Nicolas Petan.
4:54 of 2nd period - Shot Misses the Net.
4:56 of 2nd period - Slapshot by Sami Niku.
4:56 of 2nd period - Deflect By Juho Lammikko.
4:56 of 2nd period - Shot Misses the Net.
4:56 of 2nd period - Puck is out of play.
4:57 of 2nd period - Markus Granlund wins face-off versus Nathan Gerbe in Admirals zone.
5:02 of 2nd period - Christian Djoos is hit by Taylor Beck and loses puck.
5:07 of 2nd period - Wrist shot by Dennis Everberg.
5:07 of 2nd period - Stopped by Tristan Jarry without a rebound.
5:08 of 2nd period - Nathan Gerbe wins face-off versus Markus Granlund in Admirals zone.
5:11 of 2nd period - Slapshot by Dennis Everberg.
5:11 of 2nd period - Deflect By Nathan Gerbe.
5:11 of 2nd period - Stopped by Tristan Jarry without a rebound.
5:12 of 2nd period - Nathan Gerbe wins face-off versus Markus Granlund in Admirals zone.
5:16 of 2nd period - Wrist shot by Taylor Beck.
5:16 of 2nd period - Shot Blocked by Travis Dermott.
5:42 of 2nd period - Slapshot by Phil Di Giuseppe.
5:42 of 2nd period - Stopped by Tristan Jarry with a rebound.
5:44 of 2nd period - Snap shot by Phil Di Giuseppe.
5:44 of 2nd period - Shot Blocked by Nicolas Kerdiles.
5:46 of 2nd period - Backhand shot by Phil Di Giuseppe.
5:46 of 2nd period - Stopped by Tristan Jarry with a rebound.
5:48 of 2nd period - Wrist shot by Juho Lammikko.
5:48 of 2nd period - Shot Hit the Post.
5:50 of 2nd period - Slapshot by Juuso Riikola.
5:50 of 2nd period - Shot Misses the Net.
6:21 of 2nd period - Off-side.
6:22 of 2nd period - Freddie Hamilton wins face-off versus Axel Holmstrom in neutral zone.
6:27 of 2nd period - Snap shot by Nicolas Deslauriers.
6:27 of 2nd period - Stopped by Alexandar Georgiev without a rebound.
6:28 of 2nd period - Lucas Wallmark wins face-off versus Nathan Gerbe in Comets zone.
6:29 of 2nd period - Slapshot by Chris Lawrence.
6:29 of 2nd period - Shot Blocked by Taylor Beck.
6:31 of 2nd period - Snap shot by Chris Lawrence.
6:31 of 2nd period - Stopped by Alexandar Georgiev without a rebound.
6:32 of 2nd period - Nathan Gerbe wins face-off versus Chris Lawrence in Comets zone.
6:47 of 2nd period - Snap shot by Chris Lawrence.
6:47 of 2nd period - Deflect By Lucas Wallmark.
6:47 of 2nd period - Stopped by Alexandar Georgiev with a rebound.
6:54 of 2nd period - Icing by Dennis Everberg.
6:55 of 2nd period - Markus Granlund wins face-off versus Nathan Gerbe in Comets zone.
7:04 of 2nd period - Slapshot by Markus Granlund.
7:04 of 2nd period - Stopped by Alexandar Georgiev without a rebound.
7:05 of 2nd period - Andrej Nestrasil wins face-off versus Markus Granlund in Comets zone.
7:12 of 2nd period - Wrist shot by Teemu Pulkkinen.
7:12 of 2nd period - Shot Misses the Net.
7:25 of 2nd period - Wrist shot by Markus Granlund.
7:25 of 2nd period - Deflect By Joel Armia.
7:25 of 2nd period - Shot Misses the Net.
7:25 of 2nd period - Puck is out of play.
7:26 of 2nd period - Freddie Hamilton wins face-off versus Nathan Gerbe in Comets zone.
8:00 of 2nd period - Wrist shot by Andrej Nestrasil.
8:00 of 2nd period - Deflect By Josh Morrissey.
8:00 of 2nd period - Shot Misses the Net.
8:00 of 2nd period - Puck is out of play.
8:01 of 2nd period - Lucas Wallmark wins face-off versus Andrej Nestrasil in Admirals zone.
8:01 of 2nd period - Lucas Wallmark is hit by Juuso Riikola.
8:09 of 2nd period - Snap shot by Lucas Wallmark.
8:09 of 2nd period - Shot Misses the Net.
8:11 of 2nd period - Snap shot by Andreas Englund.
8:11 of 2nd period - Stopped by Alexandar Georgiev without a rebound.
8:12 of 2nd period - Markus Granlund wins face-off versus Nathan Gerbe in Comets zone.
8:24 of 2nd period - Minor Penalty to Nathan Gerbe for Holding.
8:25 of 2nd period - Markus Granlund wins face-off versus Dennis Everberg in Comets zone.
8:29 of 2nd period - Snap shot by Markus Granlund.
8:29 of 2nd period - Shot Misses the Net.
8:31 of 2nd period - Slapshot by Markus Granlund.
8:31 of 2nd period - Shot Misses the Net.
8:33 of 2nd period - Snap shot by Josh Morrissey.
8:33 of 2nd period - Stopped by Alexandar Georgiev without a rebound.
8:34 of 2nd period - Dennis Everberg wins face-off versus Markus Granlund in Comets zone.
8:43 of 2nd period - Taylor Beck is hit by T.J Brodie and loses puck.
8:52 of 2nd period - Snap shot by Nicolas Kerdiles.
8:52 of 2nd period - Stopped by Alexandar Georgiev without a rebound.
8:53 of 2nd period - Lucas Wallmark wins face-off versus Dennis Everberg in Comets zone.
9:04 of 2nd period - Wrist shot by Lucas Wallmark.
9:04 of 2nd period - Shot Misses the Net.
10:24 of 2nd period - Penalty to Nathan Gerbe is over, Nathan Gerbe is back on ice.
10:49 of 2nd period - Snap shot by Phil Di Giuseppe.
10:49 of 2nd period - Stopped by Tristan Jarry without a rebound.
10:50 of 2nd period - Andrej Nestrasil wins face-off versus Ryan Olsen in Admirals zone.
11:15 of 2nd period - Brett Connolly is hit by Juho Lammikko and loses puck.
11:38 of 2nd period - Slapshot by Nathan Gerbe.
11:38 of 2nd period - Deflect By Taylor Beck.
11:38 of 2nd period - Stopped by Tristan Jarry with a rebound.
12:02 of 2nd period - Wrist shot by Chris Lawrence.
12:02 of 2nd period - Stopped by Alexandar Georgiev with a rebound.
12:04 of 2nd period - Snap shot by Blake Geoffrion.
12:04 of 2nd period - Goal by Blake Geoffrion - Comets : 1 - Admirals : 1.
12:05 of 2nd period - Nicolas Kerdiles wins face-off versus Nathan Gerbe in neutral zone.
12:08 of 2nd period - Taylor Beck is hit by Nicolas Kerdiles and loses puck.
12:21 of 2nd period - Joel Armia is hit by Nathan Gerbe and loses puck.
12:39 of 2nd period - Slapshot by Josh Morrissey.
12:39 of 2nd period - Stopped by Alexandar Georgiev without a rebound.
12:40 of 2nd period - Lucas Wallmark wins face-off versus Andrej Nestrasil in Comets zone.
12:49 of 2nd period - Wrist shot by Travis Dermott.
12:49 of 2nd period - Deflect By Lucas Wallmark.
12:49 of 2nd period - Deflect By Andrej Nestrasil.
12:49 of 2nd period - Stopped by Alexandar Georgiev with a rebound.
12:51 of 2nd period - Snap shot by Blake Geoffrion.
12:51 of 2nd period - Goal by Blake Geoffrion - Comets : 1 - Admirals : 2.
12:52 of 2nd period - Nathan Gerbe wins face-off versus Markus Granlund in neutral zone.
13:07 of 2nd period - Slapshot by Markus Granlund.
13:07 of 2nd period - Shot Misses the Net.
13:28 of 2nd period - Josh Morrissey is hit by Joshua Leivo and loses puck.
13:45 of 2nd period - Nicolas Deslauriers is hit by Juho Lammikko and loses puck.
14:28 of 2nd period - Snap shot by Andrej Nestrasil.
14:28 of 2nd period - Goal by Andrej Nestrasil - Comets : 2 - Admirals : 2.
14:29 of 2nd period - Markus Granlund wins face-off versus Nathan Gerbe in neutral zone.
14:56 of 2nd period - Joshua Leivo is hit by Blake Geoffrion and loses puck.
15:13 of 2nd period - Mattias Backman is hit by Mackenzie MacEachern and loses puck.
15:24 of 2nd period - Wrist shot by Lucas Wallmark.
15:24 of 2nd period - Stopped by Alexandar Georgiev with a rebound.
15:26 of 2nd period - Slapshot by Mattias Backman.
15:26 of 2nd period - Shot Misses the Net.
15:28 of 2nd period - Snap shot by Mattias Backman.
15:28 of 2nd period - Goal by Mattias Backman - Comets : 2 - Admirals : 3.
15:29 of 2nd period - Nathan Gerbe wins face-off versus Markus Granlund in neutral zone.
17:02 of 2nd period - Slapshot by Taylor Beck.
17:02 of 2nd period - Stopped by Tristan Jarry without a rebound.
17:03 of 2nd period - Markus Granlund wins face-off versus Taylor Beck in Admirals zone.
17:40 of 2nd period - Snap shot by Blake Geoffrion.
17:40 of 2nd period - Stopped by Alexandar Georgiev without a rebound.
17:41 of 2nd period - Andrej Nestrasil wins face-off versus Chris Lawrence in Comets zone.
17:55 of 2nd period - Wrist shot by Teemu Pulkkinen.
17:55 of 2nd period - Stopped by Tristan Jarry without a rebound.
17:56 of 2nd period - Nathan Gerbe wins face-off versus Markus Granlund in Admirals zone.
17:59 of 2nd period - Wrist shot by Dennis Everberg.
17:59 of 2nd period - Stopped by Tristan Jarry with a rebound.
18:01 of 2nd period - Slapshot by Juuso Riikola.
18:01 of 2nd period - Deflect By Nicolas Kerdiles.
18:01 of 2nd period - Stopped by Tristan Jarry with a rebound.
18:03 of 2nd period - Slapshot by Taylor Beck.
18:03 of 2nd period - Shot Blocked by Josh Morrissey.
18:05 of 2nd period - Slapshot by Juuso Riikola.
18:05 of 2nd period - Deflect By Nathan Gerbe.
18:05 of 2nd period - Shot Blocked by Joel Armia.
18:05 of 2nd period - Puck is out of play.
18:06 of 2nd period - Markus Granlund wins face-off versus Nathan Gerbe in Admirals zone.
18:11 of 2nd period - Wrist shot by Josh Morrissey.
18:11 of 2nd period - Stopped by Alexandar Georgiev without a rebound.
18:12 of 2nd period - Nathan Gerbe wins face-off versus Markus Granlund in Comets zone.
18:16 of 2nd period - Off-side.
18:17 of 2nd period - Nathan Gerbe wins face-off versus Markus Granlund in neutral zone.
18:19 of 2nd period - Patrick Wey is hit by Markus Granlund and loses puck.
18:24 of 2nd period - Wrist shot by Dennis Everberg.
18:24 of 2nd period - Stopped by Tristan Jarry with a rebound.
18:44 of 2nd period - Snap shot by Andrej Nestrasil.
18:44 of 2nd period - Goal by Andrej Nestrasil - Comets : 3 - Admirals : 3.
18:45 of 2nd period - Markus Granlund wins face-off versus Nathan Gerbe in neutral zone.
19:02 of 2nd period - Nicolas Kerdiles is hit by Patrick Wey and loses puck.
19:21 of 2nd period - Wrist shot by Andrej Nestrasil.
19:21 of 2nd period - Stopped by Tristan Jarry with a rebound.
19:39 of 2nd period - Wrist shot by Juho Lammikko.
19:39 of 2nd period - Goal by Juho Lammikko - Comets : 4 - Admirals : 3.
19:40 of 2nd period - Markus Granlund wins face-off versus Nathan Gerbe in neutral zone.
19:57 of 2nd period - Snap shot by Nicolas Kerdiles.
19:57 of 2nd period - Stopped by Alexandar Georgiev without a rebound.
19:58 of 2nd period - Chris Lawrence wins face-off versus Andrej Nestrasil in Comets zone.
Goals for this period are 3 for Comets vs 3 for Admirals.
Shots for this period are 17 for Comets vs 19 for Admirals.

3rd period


0:01 of 3rd period - Markus Granlund wins face-off versus Nathan Gerbe in neutral zone.
0:13 of 3rd period - Minor Penalty to Joel Armia for Hooking.
0:14 of 3rd period - Nathan Gerbe wins face-off versus Nicolas Kerdiles in Admirals zone.
0:23 of 3rd period - Snap shot by Taylor Beck.
0:23 of 3rd period - Shot Misses the Net.
0:25 of 3rd period - Slapshot by Patrick Wey.
0:25 of 3rd period - Stopped by Tristan Jarry with a rebound.
2:13 of 3rd period - Penalty to Joel Armia is over, Joel Armia is back on ice.
2:26 of 3rd period - Andreas Englund is hit by Phil Di Giuseppe.
3:02 of 3rd period - Slapshot by Mackenzie MacEachern.
3:02 of 3rd period - Shot Misses the Net.
3:19 of 3rd period - Joshua Leivo is hit by Kasper Bjorkqvist and loses puck.
3:30 of 3rd period - Freddie Hamilton is hit by Taylor Beck and loses puck.
3:43 of 3rd period - Nicolas Petan is hit by Nicolas Kerdiles and loses puck.
4:10 of 3rd period - Snap shot by Nicolas Deslauriers.
4:10 of 3rd period - Shot Misses the Net.
4:16 of 3rd period - Dennis Everberg is hit by Freddie Hamilton and loses puck.
5:11 of 3rd period - Backhand shot by Juuso Riikola.
5:11 of 3rd period - Stopped by Tristan Jarry without a rebound.
5:12 of 3rd period - Lucas Wallmark wins face-off versus Dennis Everberg in Admirals zone.
5:12 of 3rd period - Lucas Wallmark is hit by Nathan Gerbe.
5:43 of 3rd period - Snap shot by Andrej Nestrasil.
5:43 of 3rd period - Deflect By Joshua Leivo.
5:43 of 3rd period - Stopped by Tristan Jarry without a rebound.
5:44 of 3rd period - Markus Granlund wins face-off versus Nicolas Petan in Admirals zone.
5:55 of 3rd period - Snap shot by Joel Armia.
5:55 of 3rd period - Shot Blocked by Juho Lammikko.
5:57 of 3rd period - Wrist shot by Markus Granlund.
5:57 of 3rd period - Stopped by Alexandar Georgiev with a rebound.
6:11 of 3rd period - Nicolas Petan is hit by T.J Brodie and loses puck.
6:41 of 3rd period - Slapshot by Mattias Backman.
6:41 of 3rd period - Deflect By Blake Geoffrion.
6:41 of 3rd period - Goal by Blake Geoffrion - Comets : 4 - Admirals : 4.
6:42 of 3rd period - Nathan Gerbe wins face-off versus Markus Granlund in neutral zone.
7:14 of 3rd period - Lucas Wallmark is hit by Sami Niku and loses puck.
7:32 of 3rd period - Travis Dermott is hit by Oliver Kylington and loses puck.
7:37 of 3rd period - Snap shot by Axel Holmstrom.
7:37 of 3rd period - Shot Misses the Net.
7:39 of 3rd period - Backhand shot by Anton Zlobin.
7:39 of 3rd period - Shot Misses the Net.
8:03 of 3rd period - Snap shot by Mattias Backman.
8:03 of 3rd period - Shot Misses the Net.
8:21 of 3rd period - Wrist shot by Andrej Nestrasil.
8:21 of 3rd period - Shot Misses the Net.
9:09 of 3rd period - Snap shot by Nicolas Deslauriers.
9:09 of 3rd period - Shot Misses the Net.
9:19 of 3rd period - Minor Penalty to Sami Niku for Holding.
9:20 of 3rd period - Markus Granlund wins face-off versus Taylor Beck in Comets zone.
11:15 of 3rd period - Icing by Travis Dermott.
11:16 of 3rd period - Lucas Wallmark wins face-off versus Nathan Gerbe in Admirals zone.
11:19 of 3rd period - Penalty to Sami Niku is over, Sami Niku is back on ice.
11:28 of 3rd period - Icing by Travis Dermott.
11:29 of 3rd period - Nicolas Petan wins face-off versus Freddie Hamilton in Admirals zone.
11:54 of 3rd period - Josh Morrissey is hit by Taylor Beck and loses puck.
12:07 of 3rd period - Snap shot by Taylor Beck.
12:07 of 3rd period - Shot Misses the Net.
12:45 of 3rd period - Snap shot by Mackenzie MacEachern.
12:45 of 3rd period - Deflect By Christian Djoos.
12:45 of 3rd period - Shot Misses the Net.
12:45 of 3rd period - Puck is out of play.
12:46 of 3rd period - Markus Granlund wins face-off versus Nathan Gerbe in Admirals zone.
14:18 of 3rd period - Off-side.
14:19 of 3rd period - Markus Granlund wins face-off versus Axel Holmstrom in neutral zone.
15:27 of 3rd period - Wrist shot by Phil Di Giuseppe.
15:27 of 3rd period - Stopped by Tristan Jarry without a rebound.
15:28 of 3rd period - Nicolas Petan wins face-off versus Hunter Shinkaruk in Admirals zone.
15:29 of 3rd period - Wrist shot by Juho Lammikko.
15:29 of 3rd period - Stopped by Tristan Jarry with a rebound.
15:32 of 3rd period - Icing by Andreas Englund.
15:33 of 3rd period - Ryan Olsen wins face-off versus Nicolas Petan in Admirals zone.
15:54 of 3rd period - Wrist shot by Hunter Shinkaruk.
15:54 of 3rd period - Deflect By Kasper Bjorkqvist.
15:54 of 3rd period - Shot Misses the Net.
15:54 of 3rd period - Puck is out of play.
15:55 of 3rd period - Freddie Hamilton wins face-off versus Dennis Everberg in Comets zone.
16:33 of 3rd period - Wrist shot by Blake Geoffrion.
16:33 of 3rd period - Stopped by Alexandar Georgiev with a rebound.
16:52 of 3rd period - Minor Penalty to Nicolas Kerdiles for Interference.
16:53 of 3rd period - Andrej Nestrasil wins face-off versus Alexandre Mallet in Admirals zone.
18:52 of 3rd period - Penalty to Nicolas Kerdiles is over, Nicolas Kerdiles is back on ice.
19:06 of 3rd period - Slapshot by Mattias Backman.
19:06 of 3rd period - Shot Misses the Net.
19:35 of 3rd period - Slapshot by Anton Zlobin.
19:35 of 3rd period - Stopped by Tristan Jarry without a rebound.
19:36 of 3rd period - Anton Zlobin wins face-off versus Riley Barber in Admirals zone.
19:45 of 3rd period - Snap shot by Nicolas Kerdiles.
19:45 of 3rd period - Stopped by Alexandar Georgiev without a rebound.
19:46 of 3rd period - Freddie Hamilton wins face-off versus Nicolas Petan in Comets zone.
Goals for this period are 0 for Comets vs 1 for Admirals.
Shots for this period are 6 for Comets vs 4 for Admirals.

Overtime #1


0:01 of 1st overtime period - Dennis Everberg wins face-off versus Nicolas Kerdiles in neutral zone.
1:21 of 1st overtime period - Slapshot by Oliver Kylington.
1:21 of 1st overtime period - Goal by Oliver Kylington - Comets : 5 - Admirals : 4.
Goals for this period are 1 for Comets vs 0 for Admirals.
Shots for this period are 1 for Comets vs 0 for Admirals.